 Dungeon Crawl Stone Soup version 0.27.1-34-g3ba077fa99 (webtiles) character file.

Game seed: 14086133721065354016

1451 cbfl8 the Chopper (level 8, -6/68 HPs)
             Began as a Minotaur Delver on Jan 20, 2022.
             Mangled by a yak (8 damage)
             ... on level 8 of the Dungeon.
             The game lasted 00:24:56 (8899 turns).

cbfl8 the Chopper (Minotaur Delver)                 Turns: 8899, Time: 00:24:56

Health: -6/68      AC: 12    Str: 18    XL:     8   Next: 47%
Magic:  7/7        EV:  2    Int:  9    God:
Gold:   438        SH: 14    Dex: 11    Spells: 7/7 levels left

rFire    . . .     SeeInvis .   B - +4 hand axe (vorpal)
rCold    + . .     Faith    +   G - +0 tower shield
rNeg     . . .     Spirit   .   q - +0 plate armour
rPois    .         Reflect  .   (helmet restricted)
rElec    .         Harm     .   y - scarf {repulsion}
rCorr    .         Rampage  .   (no gloves)
Will     .....                  (no boots)
Stlth    ..........             w - amulet of faith
HPRegen  0.21/turn              l - +4 ring of slaying
MPRegen  0.10/turn              n - ring of protection from cold

@: about to teleport, repel missiles
A: horns 2, retaliatory headbutt
a: no special abilities


You were on level 8 of the Dungeon.
You visited 3 branches of the dungeon, and saw 10 of its levels.

You collected 438 gold pieces.

Inventory:

Hand Weapons
 a - a +0 hand axe
 k - a +3 short sword of venom
 t - a +0 whip of venom
 B - a +4 vorpal hand axe (weapon)
 I - a +4 whip
 J - a +2 flail of holy wrath
 M - a +0 shortbow
 P - a +2 flail of protection
Missiles
 u - 88 bolts
 v - 197 arrows
Armour
 b - a +0 leather armour
 q - a +0 plate armour (worn)
 y - a scarf of repulsion (worn)
 G - a +0 tower shield (worn)
Jewellery
 l - a +4 ring of slaying (left hand)
 n - a ring of protection from cold (right hand)
 w - an amulet of faith (around neck)
 z - a ring of wizardry
 C - an amulet of guardian spirit
Wands
 g - a wand of digging (8)
Scrolls
 c - 3 scrolls of fog
 d - 2 scrolls of magic mapping
 e - 2 scrolls of fear
 i - a scroll of acquirement {unknown}
 m - a scroll of immolation {unknown}
 p - 5 scrolls of enchant weapon
 s - a scroll of silence {unknown}
 E - 5 scrolls of identify
 K - a scroll of noise {unknown}
 L - 2 scrolls of teleportation
 N - a scroll of amnesia {unknown}
 O - a scroll of vulnerability {unknown}
Potions
 f - a potion of haste
 h - 3 potions of heal wounds {unknown}
 o - 2 potions of mutation {unknown}
 x - 3 potions of magic {unknown}
 A - 2 potions of might {unknown}
 D - 3 potions of ambrosia {unknown}
 F - a potion of lignification {unknown}
 H - a potion of berserk rage {unknown}
 Q - a potion of invisibility


   Skills:
 + Level 5.3 Fighting
 + Level 2.8 Short Blades
 + Level 6.3 Axes
 + Level 6.3 Armour
 + Level 2.7 Dodging
 + Level 5.5 Stealth
 + Level 4.8 Shields


You had 7 spell levels left.
You didn't know any spells.
Your spell library contained the following spells:

 Spells                   Type           Power      Damage    Failure   Level
 Conjure Flame            Conj/Fire      0%         6-21      100%        3
 Ignite Poison            Fire/Tmut/Pois 0%         N/A       100%        3
 Sticky Flame             Conj/Fire      0%         2d3       100%        4
 Fireball                 Conj/Fire      0%         3d3       100%        5
 Starburst                Conj/Fire      0%         6d3       100%        6
 Ignition                 Fire           0%         3d3       100%        8


Dungeon Overview and Level Annotations

Branches:
Dungeon (8/15)             Temple (1/1) D:7            Lair (1/6) D:8

Altars:
Ashenzari
Cheibriados
Dithmenos
Elyvilon
Fedhas
Gozag
Hepliaklqana
Kikubaaqudgha
Makhleb
Nemelex Xobeh
Okawaru
Qazlal
Ru
Sif Muna
Trog
Uskayaw
Vehumet
Wu Jian
Xom
Zin
The Shining One
Beogh

Shops:
D:7 [[=   D:8 *

Annotations:
D:3 2 runed translucent doors, rozman's ghost, amateur TeWz
D:4 3 runed translucent doors, eustatius's ghost, novice MiMo


Innate Abilities, Weirdness & Mutations

You have a pair of horns on your head.
You reflexively headbutt those who attack you in melee.


Message History

You feel better. You block the cane toad's attack. You block the yak's attack.
The cane toad stings you!
* * * LOW HITPOINT WARNING * * *
You are lethally poisoned!
The cane toad poisons you!
You feel better. The yak gores you but does no damage.
You block the cane toad's attack.
You feel better. The yak gores you but does no damage.
The cane toad stings you!
* * * LOW HITPOINT WARNING * * *
You are poisoned.
The cane toad poisons you!
You feel better. The yak gores you but does no damage.
You block the cane toad's attack.
Okay, then.
As you read the scroll labelled SEETYD ZU QOILA, it crumbles to dust.
It is a scroll of enchant weapon.
Your +3 hand axe of venom glows red for a moment.
The cane toad stings you but does no damage.
You block the yak's attack.
As you read the scroll labelled ACOCUT NEAMU, it crumbles to dust.
It is a scroll of identify.
L - 3 scrolls of teleportation The cane toad stings you!
* * * LOW HITPOINT WARNING * * *
You block the yak's attack. You block the cane toad's attack.
As you read the scroll labelled GUERAY CEARAAL, it crumbles to dust.
It is a scroll of brand weapon.
Your +4 hand axe of venom emits a brilliant flash of light!
B - a +4 vorpal hand axe (weapon)
You block the yak's attack.
The cane toad stings you but does no damage.
As you read the scroll of teleportation, it crumbles to dust.
You feel strangely unstable. The yak gores you!
* * * LOW HITPOINT WARNING * * *
The cane toad barely misses you. The cane toad stings you.
* * * LOW HITPOINT WARNING * * *
The yak gores you!
You die...

... # #.. #######. .
#.#..#...≈... ..
#.#....#...# ...
#.#...##.P.##....
#...#...@F.P..# ######
#...#≈)P.Y.P.≈# .....#
#...#......P..#
####.####.....##P..##....
#..............#...# ...
#.##.###.....#...≈...# ..
## . #.##>......#######..
. #. ## #.###...####.##.#
# #. .###.# ##.......##.#
#.


You could see a yak (very poisoned) and a cane toad.

Vanquished Creatures
  A wyvern (D:7)
  An orc warrior (D:7)
  An ice beast (D:7)
  A black bear (D:5)
  An ogre (D:7)
  A centaur (D:6)
  A kobold brigand (D:4)
  Blork the orc (D:4)
  2 scorpions
  A howler monkey (D:5)
  A centaur zombie (D:7)
  4 orc priests
  2 hounds
  An iguana (D:4)
  An orc wizard (D:7)
  2 killer bee zombies
  13 adders
  3 river rats (D:5)
  A shadow imp (D:6)
  4 worms
  4 dart slugs
  17 orcs
  4 endoplasms
  3 giant cockroaches
  7 goblins
  5 hobgoblins
  4 jackals
  2 quokkas
  6 ball pythons
  3 bats
  2 frilled lizards (D:1)
  11 kobolds
  4 rats
115 creatures vanquished.

Vanquished Creatures (others)
  5 fungi (D:8)
5 creatures vanquished.

Grand Total: 120 creatures vanquished

Notes
Turn   | Place    | Note
-------+----------+-------------------------------------------
     0 | D:5      | cbfl8 the Minotaur Delver began the quest for the Orb.
     0 | D:5      | Reached XP level 1. HP: 19/19 MP: 0/0
    26 | D:5      | Noticed a black bear
    59 | D:5      | Reached XP level 2. HP: 5/27 MP: 1/1
   345 | D:4      | Noticed a scorpion
   913 | D:1      | Reached XP level 3. HP: 28/33 MP: 2/2
  1038 | D:1      | Found a faded altar of an unknown god.
  2649 | D:3      | Reached skill level 1 in Armour
  3155 | D:3      | Reached skill level 5 in Stealth
  3155 | D:3      | Reached XP level 4. HP: 40/40 MP: 3/3
  3177 | D:3      | Reached skill level 1 in Short Blades
  3239 | D:3      | Found a shadowy altar of Dithmenos.
  3493 | D:3      | Found a large runed translucent door.
  3493 | D:3      | Found a large runed translucent door.
  3494 | D:3      | Noticed rozman's ghost (amateur TeWz)
  3544 | D:4      | Noticed Blork the orc
  3555 | D:4      | Killed Blork the orc
  3556 | D:4      | Reached XP level 5. HP: 14/46 MP: 4/4
  4109 | D:4      | Reached XP level 6. HP: 52/52 MP: 5/5
  4301 | D:4      | Found a runed translucent gate.
  4301 | D:4      | Found a runed translucent gate.
  4302 | D:4      | Found a runed translucent gate.
  4302 | D:4      | Noticed eustatius's ghost (novice MiMo)
  4303 | D:4      | Identified the +0 leather armour of the Red Skies {rN+}
  4307 | D:4      | Identified the +8 chain mail "Torag" {rPois Str+6}
  4307 | D:4      | Noticed an orc warrior
  4313 | D:4      | Reached skill level 1 in Shields
  4655 | D:5      | Reached XP level 7. HP: 55/60 MP: 6/6
  4850 | D:5      | Reached skill level 5 in Armour
  5473 | D:6      | Reached skill level 5 in Axes
  6488 | D:7      | Reached XP level 8. HP: 51/67 MP: 7/7
  6567 | D:7      | Found Tatz's Antique Armour Shoppe.
  6626 | D:7      | Reached skill level 5 in Fighting
  7089 | D:7      | Found Plog's Antique Armour Boutique.
  7258 | D:7      | Found a staircase to the Ecumenical Temple.
  7273 | Temple   | Entered the Ecumenical Temple
  8210 | D:7      | Found Hesopa's Jewellery Shop.
  8686 | D:8      | Found Ihoollat's Assorted Antiques.
  8863 | D:8      | Found a staircase to the Lair.
  8877 | Lair:1   | Entered Level 1 of the Lair of Beasts
  8877 | Lair:1   | Noticed a cane toad
  8898 | D:8      | HP: 2/68 [cane toad (5)]
  8899 | D:8      | Mangled by a yak

Illustrated notes

Levels and vault maps discovered:
D:1:      matt_arrival_refuge, layout_loops_corners,
          shapermc_ecumenical_altar_petra
D:2:      layout_loops_ring, minmay_randomly_rotated_circles
D:3:      layout_loops_ring, grunt_dithmenos_smoke, serial_co_window_serial,
          co_window_paths_a, co_window_paths_a, co_window_paths_b,
          co_window_paths_a, co_window_cross_1, co_window_paths_a,
          co_window_of_opportunity_b, co_window_corner_b,
          co_window_of_opportunity_b, co_window_2corner,
          co_window_unsneaky_path_a, co_window_corner_b,
          co_window_of_opportunity_b, glass_columns_a, glass_columns_c,
          ebering_ghost_disaster_area
D:4:      layout_rooms, biasface_ghost_orc_armoury, uniq_blork_the_orc
D:5:      layout_loops_ring, lightli_sewer_entry_pipes
D:6:      layout_loops_ring
D:7:      layout_basic, minmay_temple_entry_wispy, serial_shops, shop,
          nicolae_shop_behind_doors, nicolae_stop_n_shop_1, minivault_23
D:8:      layout_loops_corners, mainiacjoe_overflow_brackets, dpeg_oklobed_lair,
          serial_shops, shop
Temple:   regret_index_temple_chain_breaker
Lair:1:   gammafunk_boulding_lane, layout_cave_pods, grunt_megastairs_3

Skill      XL: |  1  2  3  4  5  6  7  8 |
---------------+-------------------------+-----
Armour         | 1 2 4 5 6 |  6.3
Axes           | 3 4 5 6 |  6.3
Stealth        | 5 |  5.5
Short Blades   | 1 2 |  2.8
Fighting       | 4 5 |  5.3
Shields        | 2 3 4 |  4.8
Dodging        | |  2.7

Action                   |  1- 3 |  4- 6 |  7- 9 || total
-------------------------+-------+-------+-------++-------
Melee: Hand axe          |    27 |    52 |   139 ||   218
       Short sword       |    50 |       |       ||    50
       Headbutt          |    10 |     6 |    20 ||    36
  Use: Potion            |       |       |     5 ||     5
       Scroll            |       |       |     4 ||     4
 Stab: Sleeping          |     7 |       |       ||     7
Armor: Leather armour    |    12 |       |       ||    12
       Plate armour      |    15 |    36 |    75 ||   126
Dodge: Dodged            |    31 |     5 |     7 ||    43
Block: Tower shield      |       |    30 |   138 ||   168
